 Dungeon Crawl Stone Soup version 0.19-a0-1568-gdd01aac (webtiles) character file.

28 Vasilisck the Skirmisher (level 3, 29/29 HPs)
             Began as a Demonspawn Fighter on Sept 15, 2016.
             Got out of the dungeon alive.
             The game lasted 00:02:08 (972 turns).

Vasilisck the Skirmisher (Demonspawn Fighter)        Turns: 972, Time: 00:02:09

Health: 29/29      AC:  6    Str: 17    XL:     3   Next: 0%
Magic:  3/3        EV:  7    Int:  9    God:
Gold:   32         SH:  9    Dex: 12    Spells: 0 memorised, 2 levels left

rFire  . . .     SeeInvis +     a - +0 war axe
rCold  . . .     Gourm    .     b - +0 scale mail
rNeg   . . .     Faith    .     c - +0 shield
rPois  .         Spirit   .     (helmet restricted)
rElec  .         Dismiss  .     (no cloak)
rCorr  .         Reflect  .     (no gloves)
MR     .....     Harm     .     (no boots)
Stlth  ..........               (no amulet)
                                (no ring)
                                j - ring of see invisible

@: no status effects
A: antennae 1, powered by pain 1
a: no special abilities


You escaped.
You were not hungry.

You visited 1 branch of the dungeon, and saw 2 of its levels.

You collected 32 gold pieces.

Inventory:

Hand Weapons
 a - a +0 war axe (weapon)
Armour
 b - a +0 scale mail (worn)
 c - a +0 shield (worn)
Jewellery
 j - a ring of see invisible (left hand)
Scrolls
 e - a scroll of noise {unknown}
 k - a scroll of enchant weapon {unknown}
 l - a scroll of identify {unknown}
 n - a scroll of recharging {unknown}
 p - a scroll of remove curse {unknown}
Potions
 d - a potion of might
 h - a potion of invisibility {unknown}
 i - a potion of agility {unknown}
 m - a potion of magic {unknown}
 o - a potion of flight {unknown}
Comestibles
 f - a bread ration
 g - 2 fruits


   Skills:
 + Level 3.4 Fighting
 + Level 2.2 Axes
 + Level 2.8 Armour
 + Level 3.0 Shields


You had 2 spell levels left.
You didn't know any spells.

Dungeon Overview and Level Annotations

Branches:
Dungeon (2/15)

Altars:


Innate Abilities, Weirdness & Mutations

You have a pair of small antennae on your head.
You sometimes gain a little power by taking damage.


Message History

There is an open door here.
You slash the goblin!
You kill the goblin!
You have reached level 3!
Your experience leads to an increase in your attributes!
Increase (S)trength, (I)ntelligence, or (D)exterity?
You feel stronger.
Your demonic ancestry asserts itself...
A pair of antennae grows on your head!
(D) Dungeon
Where to? (Enter - D:2, ? - help)
What level of the Dungeon? (default 1, ? - help)
There is an open door here.
There is a stone staircase leading down here.
There is a stone staircase leading up here.
You climb upwards.
There is a stone staircase leading down here.
You see here 11 stones.
There is a staircase leading out of the dungeon here.
Are you sure you want to leave the Dungeon?
This will make you lose the game!
You have escaped!

####.....#..#.....##.##...+...#'#
..#########.#....###(##.).###.#.#
.......# #.#....# #.##.....#.#.#
.......# #.###### #.##.......#.#
.......# #.####.###.##.......#.#
#......# #..#.......#........++#
.......# #...P...P..#...#.......
.......####..........#...##......
................@....#...##......
..........)#..............#†.....
..............P...P.......#......
.######...................#......
...#......................#......
...#.......#.##......######......
...#...#####'###.....# #######
...#..........##.....##
...##.........##......#


There were no monsters in sight!

Vanquished Creatures
  A worm (D:2)
  2 leopard geckos (D:1)
  4 goblins
  2 hobgoblins (D:1)
  A quokka (D:2)
  6 bats
  2 frilled lizards (D:1)
  4 rats (D:1)
22 creatures vanquished.

Notes
Turn   | Place    | Note
-------+----------+-------------------------------------------
     0 | D:1      | Vasilisck the Demonspawn Fighter began the quest for the Orb.
     0 | D:1      | Reached XP level 1. HP: 18/18 MP: 1/1
   207 | D:1      | Gained mutation: You sometimes gain a little power by taking damage. [demonic ancestry]
   207 | D:1      | Reached XP level 2. HP: 24/24 MP: 2/2
   927 | D:2      | Gained mutation: You have a pair of small antennae on your head. [demonic ancestry]
   927 | D:2      | Reached XP level 3. HP: 29/29 MP: 3/3
   972 | D:$      | Got out of the dungeon alive.

Vault maps used:
D:1:      dpeg_arrival_orchard
D:2:      old_standard_altar, first_bread, uniq_natasha

Skill      XL: |  1  2 |
---------------+-------+-----
Axes           | 2 |  2.2
Shields        | 3 |  3.0
Fighting       | |  3.4
Armour         | |  2.8

Action                   || total
-------------------------++-------
Melee: War axe           ||    73
Armor: Scale mail        ||    72
Dodge: Dodged            ||    24
Block: Shield            ||    38
